 Dungeon Crawl Stone Soup version 0.31-a0-1581-g41d5ff3e7b (webtiles) character file.

Game seed: 9563190958935508905

221 NoAnimeNoLife the Caller (level 5, -2/42 HPs)
             Began as a Hill Orc Summoner on Jan 5, 2024.
             Slain by a gnoll
             ... wielding a +0 quarterstaff
              (9 damage)
             ... on level 2 of the Dungeon.
             The game lasted 00:06:17 (3520 turns).

NoAnimeNoLife the Caller (Hill Orc Summoner)        Turns: 3520, Time: 00:06:18

Health: -2/42      AC:  3    Str: 11    XL:     5   Next: 98%
Magic:  0/7        EV: 11    Int: 17    God:
Gold:   12         SH:  0    Dex: 11    Spells: 1/7 levels left

rFire   . . .        v - +0 hand axe
rCold   . . .        (no shield)
rNeg    . . .        d - +0 leather armour
rPois   .            (no helmet)
rElec   .            (no cloak)
rCorr   .            (no gloves)
SInv    .            (no boots)
Will    .....        u - amulet of regeneration
Stlth   +            (no ring)
HPRegen 1.07/turn    (no ring)
MPRegen 0.10/turn

%: no passive effects
@: unable to call your familiar
A: no striking features
a: no special abilities


You were on level 2 of the Dungeon.
You visited 1 branch of the dungeon, and saw 3 of its levels.

You collected 109 gold pieces.
You spent 97 gold pieces at shops.

Inventory:

Hand Weapons
 e - a +0 mace
 j - a +0 whip
 v - a +0 hand axe (weapon)
Armour
 a - a +0 robe
 d - a +0 leather armour (worn)
Jewellery
 g - an amulet of the acrobat
 u - an amulet of regeneration (around neck)
Wands
 q - a wand of polymorph (9)
 t - a wand of flame (14)
Scrolls
 n - a scroll of poison
 o - a scroll of blinking {@r3}
 r - 2 scrolls of teleportation {@r2}
 s - a scroll of immolation
 w - a scroll of vulnerability
 x - 2 scrolls of fear
Potions
 b - a potion of magic
 c - 2 potions of curing {unknown}
 f - 2 potions of cancellation {unknown}
 h - a potion of heal wounds {unknown}
 i - 2 potions of enlightenment {unknown}
 k - 3 potions of brilliance {unknown}
 l - a potion of berserk rage {unknown}
 m - a potion of degeneration {unknown}
 p - a potion of haste {unknown}


   Skills:
 + Level 2.5 Fighting
 + Level 2.8 Axes
 - Level 1.5 Dodging
 - Level 1.5 Stealth
 - Level 1.5 Spellcasting
 - Level 6.0 Summonings


You had one spell level left.
You knew the following spells:

 Your Spells              Type           Power      Damage    Failure   Level
a - Summon Small Mammal   Summ           88%        N/A       2%          1
b - Call Imp              Summ           44%        N/A       3%          2
c - Call Canine Familiar  Summ           22%        N/A       7%          3

Your spell library contained the following spells:

 Spells                   Type           Power      Damage    Failure   Level
 Summon Blazeheart Golem  Fire/Summ      11%        N/A       58%         4
 Summon Lightning Spire   Summ/Air       11%        N/A       58%         4


Dungeon Overview and Level Annotations

Branches:
Dungeon (3/15)

Altars:

Shops:
D:3 (?*


Message History

The gnoll hits your cerulean imp from afar with a +0 spear.
The gnoll barely misses you.
Your cerulean imp barely misses the gnoll.
The gnoll attacks as it pursues you!
The gnoll hits you from afar with a +0 halberd.
Something hits your cerulean imp. The gnoll attacks as it pursues you!
The gnoll hits you from afar with a +0 halberd.
The gnoll attacks as it pursues you!
The gnoll hits you from afar with a +0 halberd!
* * * LOW HITPOINT WARNING * * *
Items here: ( ) [ ÷.
The gnoll attacks as it pursues you! The gnoll closely misses you.
Your cerulean imp hits the gnoll with a -2 spear.
The gnoll closely misses you.
Things that are here:
a +0 club; an adder skeleton; a gnoll skeleton The gnoll attacks as it pursues you!
The gnoll closely misses you.
Your cerulean imp hits the gnoll with a -2 spear.
There is a stone staircase leading up here.
The gnoll hits you with a +0 quarterstaff!
* * * LOW HITPOINT WARNING * * *
The gnoll closely misses you.
You climb upwards.
There is a stone staircase leading down here.
Casting: Call Imp (safe; 3% risk of failure)
Confirm with . or Enter, or press ? or * to list all spells.
A tiny devil pulls itself out of the air.
The gnoll hits you with a +0 quarterstaff!
* * * LOW HITPOINT WARNING * * *
You are too injured to fight recklessly!
You barely miss the gnoll. The gnoll barely misses you.
Your cerulean imp hits the gnoll but does no damage.
Okay, then.
Aiming: Polymorph
Press: ? - help, Shift-Dir - straight line, f - gnoll
Aim: a gnoll, wielding a +0 quarterstaff (ally target, will become a jackal, a goblin, or a bat, chance to affect: 57%)
The gnoll resists with significant effort.
The gnoll hits you with a +0 quarterstaff!
You die...

######### ########
#.......###.......
#.........§.######
#.......#####
#.......#
#..5....#
#.g.....###
#@........##
#########..##
##..# ##.# #.# #.#
#.# #.#
#########.#### #


You could see a gnoll (ally target) and a friendly cerulean imp (summoned).

Vanquished Creatures
  A gnoll (D:3)
  2 adders (D:3)
  An orc (D:3)
  2 giant cockroaches
  A goblin (D:2)
  2 hobgoblins
  A jackal (D:3)
  3 kobolds
  A ball python (D:2)
  3 bats (D:1)
  2 frilled lizards (D:1)
  3 rats (D:1)
22 creatures vanquished.

Vanquished Creatures (collateral kills)
  Natasha (thrice) (D:2)
  3 gnolls (D:3)
  2 adders (D:2)
  3 orcs (D:3)
  2 ball pythons
  2 bats (D:2)
  3 endoplasms
  4 giant cockroaches
  6 hobgoblins
  9 jackals
  2 quokkas
  3 frilled lizards
  4 kobolds
  A rat (D:3)
47 creatures vanquished.

Grand Total: 69 creatures vanquished

Notes
Turn   | Place    | Note
-------+----------+-------------------------------------------
     0 | D:1      | NoAnimeNoLife the Hill Orc Summoner began the quest for the
                  | Orb.
     0 | D:1      | Reached XP level 1. HP: 14/14 MP: 3/3
   176 | D:1      | Found a faded altar of an unknown god.
   470 | D:1      | Reached XP level 2. HP: 17/20 MP: 2/4
   508 | D:1      | Learned a level 2 spell: Call Imp
  1691 | D:2      | Reached skill level 5 in Summonings
  1691 | D:2      | Reached XP level 3. HP: 5/26 MP: 2/5
  2198 | D:2      | Reached XP level 4. HP: 33/33 MP: 3/6
  2212 | D:2      | Learned a level 3 spell: Call Canine Familiar
  2271 | D:2      | Noticed Natasha
  2285 | D:2      | Killed Natasha
  2355 | D:2      | Noticed Natasha
  2473 | D:2      | Killed Natasha
  2474 | D:2      | Reached skill level 6 in Summonings
  2558 | D:2      | Noticed Natasha
  2565 | D:2      | Killed Natasha
  2566 | D:2      | Reached skill level 1 in Fighting
  2566 | D:2      | Reached skill level 1 in Axes
  2566 | D:2      | Reached XP level 5. HP: 40/40 MP: 1/7
  3173 | D:3      | Found Picuog's Magic Scroll Emporium.
  3178 | D:3      | Found Joalae's General Store.
  3253 | D:3      | Found Luibecack's Antique Weapon Shop.
  3260 | D:3      | Bought a scroll of identify for 20 gold pieces
  3266 | D:3      | Bought a scroll of fear for 44 gold pieces
  3266 | D:3      | Bought a scroll of teleportation for 33 gold pieces
  3520 | D:2      | Slain by a gnoll

Illustrated notes

Levels and vault maps discovered:
D:1:      matt_arrival_spirals, layout_basic, hellmonk_ecumenical_altar_zigzags
D:2:      layout_rooms, uniq_natasha
D:3:      layout_basic, lemuel_doored_altar, mainiacjoe_overflow_paths,
          serial_shops, nicolae_shop_behind_doors,
          nicolae_shop_just_a_little_nook, shop, shop_statue, shop

Skill      XL: |  1  2  3  4  5 |
---------------+----------------+-----
Summonings     | 5 6 |  6.0
Fighting       | 1 2 |  2.5
Axes           | 1 2 |  2.8
Dodging        | |  1.5
Stealth        | |  1.5
Spellcasting   | |  1.5

Action                     |  1- 3 |  4- 6 || total
---------------------------+-------+-------++-------
  Melee: Mace              |    39 |       ||    39
         Whip              |    50 |    24 ||    74
         Punch             |       |     2 ||     2
         Hand axe          |       |    14 ||    14
   Cast: Summon Small Mamm |    18 |     1 ||    19
         Call Imp          |    21 |    19 ||    40
         Call Canine Famil |       |    14 ||    14
  Evoke: Wand              |       |     1 ||     1
    Use: Scroll            |       |     5 ||     5
   Stab: Distracted        |       |     1 ||     1
 Armour: Robe              |    53 |    26 ||    79
         Leather armour    |       |    15 ||    15
  Dodge: Dodged            |   145 |    62 ||   207

Table legend: (Time is in decaauts)
 A = Elapsed time spent in this place.
 B = Non-inter-level travel time spent in this place.
 C = Inter-level travel time spent in this place.
 D = Time resting spent in this place.
 E = Time spent auto-exploring this place.
 F = Levels seen in this place.
 G = Mean time per level.
                   A        B        C        D        E       F      G
               +--------+--------+--------+--------+--------+-----+--------+
         Total |   3553 |   3481 |     72 |    183 |   2466 |   3 | 1184.3 |
       Dungeon |   3553 |   3481 |     72 |    183 |   2466 |   3 | 1184.3 |
               +--------+--------+--------+--------+--------+-----+--------+

Top non-repeatable levels by time:
     D:1: 1531 daAuts
     D:2: 1378 daAuts
     D:3: 643 daAuts
